 Dungeon Crawl Stone Soup version 0.21.1-1-g345015f (webtiles) character file.

1634 jerryfan the Skirmisher (level 8, -2/64 HPs)
             Began as a Gnoll Wanderer on Apr 30, 2018.
             Slain by a bullfrog (3 damage)
             ... on level 7 of the Dungeon.
             The game lasted 00:56:11 (7132 turns).

jerryfan the Skirmisher (Gnoll Wanderer)            Turns: 7132, Time: 00:56:12

Health: -2/64      AC:  5    Str: 20    XL:     8   Next: 98%
Magic:  15/15      EV: 13    Int: 14    God:
Gold:   316        SH:  0    Dex: 12    Spells: 9/16 levels left

rFire    + . .     SeeInvis .   s - +5 quarterstaff (chaos)
rCold    + . .     Gourm    +   (shield currently unavailable)
rNeg     . . .     Faith    .   l - +0 leather armour
rPois    +         Spirit   .   (no helmet)
rElec    +         Reflect  .   t - +0 cloak
rCorr    +         Harm     .   m - +0 pair of gloves
MR       .....                  (no boots)
Stlth    ++........             A - amulet of the gourmand
HPRegen  0.20/turn              (no ring)
MPRegen  0.14/turn              (no ring)

@: resistant
A: distributed training, fangs 1, strong nose
a: no special abilities


You were on level 7 of the Dungeon.
You were completely stuffed.

You visited 1 branch of the dungeon, and saw 7 of its levels.

You collected 316 gold pieces.

Inventory:

Hand Weapons
 b - a +3 blowgun
 c - a +0 falchion
 r - a cursed -3 dagger
 s - a +5 quarterstaff of chaos (weapon)
 u - a +0 vampiric short sword
 v - a +0 mace
 y - a +1 mace of protection
 C - a +0 hunting sling
 E - a +0 hunting sling
 J - a +1 dagger of protection
Missiles
 g - 6 curare-tipped needles
 o - 38 sling bullets
 D - 127 stones
 G - 82 poisoned needles
 K - 4 tomahawks of returning (quivered)
Armour
 e - a +0 robe
 l - a +0 leather armour (worn)
 m - a +0 pair of gloves (worn)
 p - a +0 buckler
 t - a +0 cloak (worn)
 F - a +0 shield
Jewellery
 A - an amulet of the gourmand (around neck)
 N - a cursed amulet of inaccuracy {unknown}
Wands
 a - a wand of digging (14)
 w - a wand of polymorph (15)
Scrolls
 h - 2 scrolls of remove curse
 j - 3 scrolls of teleportation
 k - a scroll of enchant armour {unknown}
 n - 2 scrolls of enchant weapon
 q - a scroll of noise {unknown}
 x - a scroll of blinking
 B - a scroll of random uselessness {unknown}
 I - 2 scrolls of identify
 L - a scroll of immolation
Potions
 i - 2 potions of heal wounds
 H - 2 potions of haste
Books
 d - the Grimoire of the Volcano

   Spells                             Type                      Level
   a - Ensorcelled Hibernation        Hexes/Ice                    2
   b - Slow                           Hexes                        2
 M - a book of Misfortune

   Spells                             Type                      Level
   a - Confusing Touch                Hexes                        1
   b - Confuse                        Hexes                        3
   c - Gell's Gravitas                Translocation                3
   d - Petrify                        Transmutation/Earth          4
   e - Metabolic Englaciation         Hexes/Ice                    5
   f - Yara's Violent Unravelling     Hexes/Transmutation          5
Comestibles
 f - 9 rations


   Skills:
 + Level 5.9 Fighting
 + Level 4.5 Short Blades
 + Level 3.6 Long Blades
 + Level 3.6 Axes
 + Level 3.6 Maces & Flails
 + Level 3.6 Polearms
 + Level 3.6 Staves
 + Level 3.6 Slings
 + Level 3.6 Bows
 + Level 3.6 Crossbows
 + Level 4.5 Throwing
 + Level 3.6 Armour
 + Level 4.5 Dodging
 + Level 4.4 Stealth
 + Level 3.6 Shields
 + Level 3.6 Unarmed Combat
 + Level 4.7 Spellcasting
 + Level 3.0 Conjurations
 + Level 3.0 Hexes
 + Level 3.0 Charms
 + Level 4.9 Summonings
 + Level 3.0 Necromancy
 + Level 3.0 Translocations
 + Level 3.0 Transmutations
 + Level 3.0 Fire Magic
 + Level 3.0 Ice Magic
 + Level 3.0 Air Magic
 + Level 3.0 Earth Magic
 + Level 3.0 Poison Magic
 + Level 4.0 Invocations
 + Level 4.5 Evocations


You had 9 spell levels left.
You knew the following spells:

 Your Spells              Type           Power        Failure   Level  Hunger
a - Ensorcelled Hibernat  Hex/Ice        ##....       9%          2    ##.....
b - Gell's Gravitas       Tloc           ##........   19%         3    ###....
c - Slow                  Hex            ##......     9%          2    ##.....


Dungeon Overview and Level Annotations

Branches:
Dungeon (7/15)             Temple (0/1) D:4

Altars:
Hepliaklqana
Kikubaaqudgha
Ru
Trog
Zin

Annotations:
D:6 kae's ghost, novice DsMo


Innate Abilities, Weirdness & Mutations

Your experience applies equally to all skills.
You have very sharp teeth.
Your uncanny sense of smell can sniff out nearby items.


Message History

You hit the adder.
The adder is poisoned.
The adder is heavily wounded.
The adder bites you but does no damage. x2
An orc and an orc wizard come into view.
The orc shouts!
You sock the adder! You freeze the adder.
You kill the adder!
You sock the orc! You freeze the orc.
You kill the orc!
It was a potion of resistance.
You feel protected. The bullfrog hits you.
You miss the bullfrog. The bullfrog hits you.
The bullfrog hits you but does no damage.
You barely miss the bullfrog.
The orc warrior hits you from afar with a trident!!
* * * LOW HITPOINT WARNING * * *
The bullfrog misses you. The bullfrog hits you.
You die...

.## ...#
#####
#...###...##
#.........#
#........#
#.o.....#
#.o...#
#)F..#
###@## ### ∆


You could see an orc warrior, a bullfrog and an orc wizard.

Vanquished Creatures
  2 ice beasts
  2 orc warriors
  2 ogres (D:4)
  A phantom (D:5)
  A big kobold (D:5)
  A bullfrog (D:3)
  A scorpion (D:6)
  A crimson imp (D:5)
  A bullfrog zombie (D:5)
  A gnoll shaman (D:4)
  2 orc priests
  6 orc wizards
  Crazy Yiuf (D:2)
  An iguana (D:4)
  6 worker ants
  8 gnolls
  6 adders
  An ooze (D:4)
  2 worms (D:2)
  A dart slug (D:1)
  5 leopard geckos
  30 orcs
  8 bats
  4 giant cockroaches (D:3)
  9 goblins
  10 hobgoblins
  6 jackals (D:1)
  3 quokkas
  7 frilled lizards
  27 kobolds
  A quokka skeleton (D:6)
  A quokka zombie (D:6)
  9 rats
  5 plants (D:5)
172 creatures vanquished.

Vanquished Creatures (others)
  The ghost of crasatator the Firebug, a novice DrFE of Vehumet (D:5)
1 creature vanquished.

Grand Total: 173 creatures vanquished

Notes
Turn   | Place    | Note
-------+----------+-------------------------------------------
     0 | D:1      | jerryfan the Gnoll Wanderer began the quest for the Orb.
     0 | D:1      | jerryfan set off with: 4 curare-tipped needles, a +2 blowgun, a +0 falchion, the Grimoire of the Volcano, a +0 robe, a ration
     0 | D:1      | Reached XP level 1. HP: 20/20 MP: 4/4
    64 | D:1      | Reached XP level 2. HP: 26/26 MP: 5/5
   261 | D:1      | Reached XP level 3. HP: 31/31 MP: 7/7
   262 | D:1      | Identified the Grimoire of the Volcano
   265 | D:1      | Learned a level 2 spell: Ensorcelled Hibernation
   554 | D:1      | Reached skill level 1 in Invocations
   680 | D:2      | Reached skill level 1 in Long Blades
   680 | D:2      | Reached skill level 1 in Axes
   680 | D:2      | Reached skill level 1 in Maces & Flails
   680 | D:2      | Reached skill level 1 in Polearms
   680 | D:2      | Reached skill level 1 in Staves
   680 | D:2      | Reached skill level 1 in Slings
   680 | D:2      | Reached skill level 1 in Bows
   680 | D:2      | Reached skill level 1 in Crossbows
   680 | D:2      | Reached skill level 1 in Armour
   680 | D:2      | Reached skill level 1 in Shields
   680 | D:2      | Reached skill level 1 in Unarmed Combat
   691 | D:2      | Reached XP level 4. HP: 27/38 MP: 8/8
   922 | D:2      | Found a runed door.
   927 | D:2      | Noticed Crazy Yiuf
   935 | D:2      | Killed Crazy Yiuf
  1075 | D:2      | Found a sacrificial altar of Ru.
  1087 | D:2      | Reached skill level 1 in Conjurations
  1087 | D:2      | Reached skill level 1 in Hexes
  1087 | D:2      | Reached skill level 1 in Charms
  1087 | D:2      | Reached skill level 1 in Necromancy
  1087 | D:2      | Reached skill level 1 in Translocations
  1087 | D:2      | Reached skill level 1 in Transmutations
  1087 | D:2      | Reached skill level 1 in Fire Magic
  1087 | D:2      | Reached skill level 1 in Ice Magic
  1087 | D:2      | Reached skill level 1 in Air Magic
  1087 | D:2      | Reached skill level 1 in Earth Magic
  1087 | D:2      | Reached skill level 1 in Poison Magic
  1583 | D:3      | Reached XP level 5. HP: 42/43 MP: 9/9
  1712 | D:3      | Noticed an ice beast
  2104 | D:3      | Killed an ice beast
  2104 | D:3      | Reached XP level 6. HP: 22/50 MP: 10/10
  2460 | D:3      | Found a hazy altar of Hepliaklqana.
  2466 | D:3      | Found an ancient bone altar of Kikubaaqudgha.
  2643 | D:3      | Reached skill level 5 in Fighting
  2807 | D:3      | Found a glowing silver altar of Zin.
  2984 | D:4      | Reached XP level 7. HP: 51/56 MP: 12/12
  4111 | D:4      | Found a staircase to the Ecumenical Temple.
  4642 | D:5      | Entered Level 5 of the Dungeon
  4907 | D:5      | Reached XP level 8. HP: 51/63 MP: 14/14
  4990 | D:5      | Killed crasatator's ghost
  6044 | D:6      | Noticed kae's ghost (novice DsMo)
  6177 | D:6      | Learned a level 3 spell: Gell's Gravitas
  6395 | D:6      | Noticed a moth of wrath
  6395 | D:6      | Found a bloodstained altar of Trog.
  6750 | D:6      | Learned a level 2 spell: Slow
  7083 | D:7      | Noticed a wizard
  7131 | D:7      | HP: 1/64 [orc warrior/trident (21)]
  7132 | D:7      | Slain by a bullfrog

Skill      XL: |  1  2  3  4  5  6  7  8 |
---------------+-------------------------+-----
Invocations    | 1 2 3 4 |  4.0
Long Blades    | 1 2 3 |  3.6
Axes           | 1 2 3 |  3.6
Maces & Flails | 1 2 3 |  3.6
Polearms       | 1 2 3 |  3.6
Staves         | 1 2 3 |  3.6
Slings         | 1 2 3 |  3.6
Bows           | 1 2 3 |  3.6
Crossbows      | 1 2 3 |  3.6
Armour         | 1 2 3 |  3.6
Shields        | 1 2 3 |  3.6
Unarmed Combat | 1 2 3 |  3.6
Spellcasting   | 3 4 |  4.7
Conjurations   | 1 2 3 |  3.0
Hexes          | 1 2 3 |  3.0
Charms         | 1 2 3 |  3.0
Necromancy     | 1 2 3 |  3.0
Translocations | 1 2 3 |  3.0
Transmutations | 1 2 3 |  3.0
Fire Magic     | 1 2 3 |  3.0
Ice Magic      | 1 2 3 |  3.0
Air Magic      | 1 2 3 |  3.0
Earth Magic    | 1 2 3 |  3.0
Poison Magic   | 1 2 3 |  3.0
Short Blades   | 3 4 |  4.5
Throwing       | 3 4 |  4.5
Dodging        | 3 4 |  4.5
Summonings     | 4 |  4.9
Evocations     | 3 4 |  4.5
Stealth        | 3 4 |  4.4
Fighting       | 5 |  5.9

Action                   |  1- 3 |  4- 6 |  7- 9 || total
-------------------------+-------+-------+-------++-------
Melee: Falchion          |    59 |    22 |       ||    81
       Bite              |     8 |     6 |    34 ||    48
       Quarterstaff      |       |    90 |   254 ||   344
 Fire: Blowgun           |    16 |     2 |    13 ||    31
       Hunting sling     |       |    22 |    12 ||    34
Throw: Stone             |       |     4 |     7 ||    11
       Tomahawk          |       |       |     9 ||     9
 Cast: Ensorcelled Hiber |       |       |     1 ||     1
Evoke: Wand              |       |       |     3 ||     3
  Use: Potion            |       |     1 |     6 ||     7
       Scroll            |       |     5 |    10 ||    15
 Stab: Sleeping          |     3 |     1 |     2 ||     6
       Paralysed         |       |       |     3 ||     3
  Eat: Chunk             |       |     7 |    22 ||    29
Armor: Robe              |     2 |       |       ||     2
       Leather armour    |    33 |    31 |    38 ||   102
Dodge: Dodged            |    48 |    71 |   132 ||   251
Block: Buckler           |       |     1 |       ||     1
       Rpst.: Falchion   |    16 |     6 |       ||    22
